 Dungeon Crawl Stone Soup version 0.31.0-32-g396128a36d (webtiles) character file.

Game seed: 9173300640486457216

200 Maxx the Ducker (level 5, -1/43 HPs)
             Began as a Gnoll Gladiator on Apr 3, 2024.
             Was a Believer of Vehumet.
             Slain by a cerulean imp
             ... wielding a +2 spear
             ... summoned by Natasha
              (7 damage)
             ... on level 3 of the Dungeon.
             The game lasted 00:07:12 (1962 turns).

Maxx the Ducker (Gnoll Gladiator)                   Turns: 1962, Time: 00:07:13

Health: -1/43      AC:  4    Str: 13    XL:     5   Next: 78%
Magic:  7/7        EV: 14    Int: 10    God:    Vehumet [**....]
Gold:   90         SH:  0    Dex: 13    Spells: 4/7 levels left

rFire   x . .        a - +0 quarterstaff
rCold   + . .        (shield currently unavailable)
rNeg    . . .        b - +0 leather armour
rPois   .            c - +0 helmet
rElec   .            (no cloak)
rCorr   .            (no gloves)
SInv    .            (no boots)
Will    .....        (no amulet)
Stlth   ++           i - ring of ice
HPRegen 0.27/turn    (no ring)
MPRegen 0.10/turn

%: no passive effects
@: slowed, very slow
A: fangs 1, strong nose, distributed training
a: Renounce Religion


You were on level 3 of the Dungeon.
You worshipped Vehumet.
Vehumet was pleased with you.
You visited 1 branch of the dungeon, and saw 3 of its levels.

You collected 90 gold pieces.

Inventory:

Hand Weapons
 a - a +0 quarterstaff (weapon)
Missiles
 d - a throwing net
Armour
 b - a +0 leather armour (worn)
 c - a +0 helmet (worn)
Jewellery
 i - a ring of ice (left hand)
Wands
 h - a wand of flame (16)
Scrolls
 j - a scroll of poison
 k - a scroll of immolation
 m - a scroll of noise
Potions
 e - a potion of ambrosia
 f - a potion of enlightenment


   Skills:
 + Level 4.9 Fighting
 + Level 1.7 Short Blades
 + Level 1.7 Long Blades
 + Level 1.7 Axes
 + Level 1.7 Maces & Flails
 + Level 1.7 Polearms
 + Level 6.7 Staves
 + Level 1.7 Ranged Weapons
 + Level 4.9 Throwing
 + Level 1.7 Armour
 + Level 6.7 Dodging
 + Level 1.7 Stealth
 + Level 1.7 Shields
 + Level 1.7 Unarmed Combat
 + Level 1.7 Spellcasting
 + Level 1.3 Conjurations
 + Level 1.3 Hexes
 + Level 1.3 Summonings
 + Level 1.3 Necromancy
 + Level 1.3 Translocations
 + Level 1.3 Fire Magic
 + Level 1.3 Ice Magic
 + Level 1.3 Air Magic
 + Level 1.3 Earth Magic
 + Level 1.3 Alchemy
 + Level 1.9 Invocations
 + Level 1.7 Evocations
 + Level 1.5 Shapeshifting


You had 4 spell levels left.
You knew the following spells:

 Your Spells              Type           Power      Damage    Failure   Level
a - Sting                 Conj/Alch      12%        1d3       24%         1
b - Static Discharge      Conj/Air       6%         3-4/arc   34%         2

Your spell library contained the following spells:

 Spells                   Type           Power      Damage    Failure   Level
 Lesser Beckoning         Tloc           6%         N/A       34%         2
 Fugue of the Fallen      Necr           3%         N/A       56%         3
 Gell's Gravitas          Tloc           3%         N/A       56%         3
 Ozocubu's Armour         Ice            5%         N/A       56%         3
 Teleport Other           Tloc           3%         N/A       56%         3
 Manifold Assault         Tloc           3%         N/A       93%         4


Dungeon Overview and Level Annotations

Branches:
Dungeon (3/15)

Altars:
Vehumet

Shops:
D:3 [

Annotations:
D:3 Natasha


Innate Abilities, Weirdness & Mutations

You have very sharp teeth.
Your uncanny sense of smell can sniff out nearby items.
Your experience applies equally to all skills.


Message History

Throw: javelin
Press: ? - help, Q - select action, (/) - cycle Shift-Dir - straight line, f/p - Natasha
Aim: Natasha (51% to hit)
You throw a javelin. The javelin closely misses Natasha.
The javelin barely misses the cerulean imp.
Natasha casts a spell at you. The magic dart hits you!
You see here a hobgoblin corpse.
The cerulean imp hits you from afar with a +2 spear.
Natasha casts a spell at you.
You feel yourself slow down.
Aiming: Throw Flame
Press: ? - help, Shift-Dir - straight line, f/p - Natasha
Aim: Natasha (64% to hit)
The puff of flame misses Natasha.
The cerulean imp barely misses you.
The cerulean imp hits you from afar with a +2 spear.
Unknown command.
You sock Natasha!
Natasha is severely wounded.
Natasha claws you.
The cerulean imp hits you but does no damage.
Natasha closely misses you.
You hit Natasha but do no damage. Your bite misses Natasha.
Natasha is severely wounded.
The cerulean imp hits you from afar with a +2 spear.
Natasha mumbles some strange words.
The cerulean imp hits you from afar with a +2 spear.
You closely miss Natasha.
Natasha is severely wounded.
Natasha barely misses you.
The cerulean imp hits you from afar with a +2 spear.
* * * LOW HITPOINT WARNING * * *
Natasha casts a spell.
Unknown command.
You closely miss Natasha. You bite Natasha.
Natasha is severely wounded.
The cerulean imp hits you from afar with a +1 spear.
* * * LOW HITPOINT WARNING * * *
The cerulean imp hits you from afar with a +2 spear!
You die...

##.###.....##<#
#.#.###.## ##
##...###.###.##.#.##
##'## #.........##
#. #####.#####
###.########.#
####..... ..##.#
..(.....## #.##.#
#.....55###.##.#
...#....5h@.....#
#.#.#####.#### #...
...# ###. ##### ..
##


You could see Natasha and 3 cerulean imps.

Vanquished Creatures
  Ijyb (D:3)
  Natasha (twice) (D:3)
  Terence (D:3)
  A gnoll (D:1)
  An adder (D:2)
  A ribbon worm (D:2)
  2 dart slugs
  6 orcs (D:3)
  A bat skeleton (D:2)
  2 bat zombies (D:2)
  An endoplasm (D:3)
  A giant cockroach (D:1)
  5 goblins
  10 hobgoblins
  3 jackals (D:2)
  3 quokkas
  8 ball pythons
  3 ball python skeletons (D:2)
  5 bats
  7 kobolds
  A quokka skeleton (D:2)
  3 rats (D:2)
68 creatures vanquished.

Notes
Turn   | Place    | Note
-------+----------+-------------------------------------------
     0 | D:1      | Maxx the Gnoll Gladiator began the quest for the Orb.
     0 | D:1      | Reached XP level 1. HP: 20/20 MP: 1/1
   207 | D:1      | Reached XP level 2. HP: 26/26 MP: 2/2
   373 | D:1      | Reached XP level 3. HP: 29/31 MP: 3/3
   698 | D:1      | You fall into a shaft and drop 1 floor!
   731 | D:2      | Reached skill level 1 in Invocations
   866 | D:2      | Reached skill level 1 in Short Blades
   866 | D:2      | Reached skill level 1 in Long Blades
   866 | D:2      | Reached skill level 1 in Axes
   866 | D:2      | Reached skill level 1 in Maces & Flails
   866 | D:2      | Reached skill level 1 in Polearms
   866 | D:2      | Reached skill level 1 in Ranged Weapons
   866 | D:2      | Reached skill level 1 in Armour
   866 | D:2      | Reached skill level 1 in Stealth
   866 | D:2      | Reached skill level 1 in Shields
   866 | D:2      | Reached skill level 1 in Unarmed Combat
   866 | D:2      | Reached skill level 1 in Spellcasting
   866 | D:2      | Reached skill level 1 in Evocations
   913 | D:2      | Reached skill level 1 in Shapeshifting
   913 | D:2      | Reached XP level 4. HP: 38/38 MP: 5/5
   964 | D:2      | Found a faded altar of an unknown god.
   990 | D:2      | Prayed at the altar of an unknown god.
   990 | D:2      | Became a worshipper of Vehumet
   990 | D:2      | Reached * piety under Vehumet
   990 | D:2      | Offered knowledge of Sting by Vehumet.
   993 | D:2      | Learned a level 1 spell: Sting
  1395 | D:3      | Noticed Natasha
  1409 | D:3      | Killed Natasha
  1410 | D:3      | Reached skill level 1 in Conjurations
  1410 | D:3      | Reached skill level 1 in Hexes
  1410 | D:3      | Reached skill level 1 in Summonings
  1410 | D:3      | Reached skill level 1 in Necromancy
  1410 | D:3      | Reached skill level 1 in Translocations
  1410 | D:3      | Reached skill level 1 in Fire Magic
  1410 | D:3      | Reached skill level 1 in Ice Magic
  1410 | D:3      | Reached skill level 1 in Air Magic
  1410 | D:3      | Reached skill level 1 in Earth Magic
  1410 | D:3      | Reached skill level 1 in Alchemy
  1470 | D:3      | Noticed Terence
  1482 | D:3      | Killed Terence
  1483 | D:3      | Reached XP level 5. HP: 42/43 MP: 3/7
  1587 | D:3      | Noticed Natasha
  1599 | D:3      | Killed Natasha
  1649 | D:3      | Found Tesmer Zump's Armour Boutique.
  1793 | D:3      | Reached ** piety under Vehumet
  1793 | D:3      | Offered knowledge of Static Discharge by Vehumet.
  1797 | D:3      | Learned a level 2 spell: Static Discharge
  1852 | D:3      | Noticed Ijyb
  1868 | D:3      | Killed Ijyb
  1942 | D:3      | Noticed Natasha
  1962 | D:3      | Slain by a cerulean imp

Illustrated notes

Levels and vault maps discovered:
D:1:      lightli_arrival_chessboard, layout_loops_cross,
          corexii_item_surrounded_by_moat
D:2:      layout_rooms, serial_undead, serial_undead_c, serial_undead_d,
          serial_undead_f, serial_undead_d, serial_undead_d, serial_undead_c,
          dreamdust_ecumenical_altar_statues
D:3:      wad_pebble_path, layout_loops_corners, serial_shops, shop,
          uniq_natasha, uniq_terence, uniq_ijyb

Skill      XL: |  1  2  3  4 |
---------------+-------------+-----
Invocations    | 1 |  1.9
Short Blades   | 1 |  1.7
Long Blades    | 1 |  1.7
Axes           | 1 |  1.7
Maces & Flails | 1 |  1.7
Polearms       | 1 |  1.7
Ranged Weapons | 1 |  1.7
Armour         | 1 |  1.7
Stealth        | 1 |  1.7
Shields        | 1 |  1.7
Unarmed Combat | 1 |  1.7
Spellcasting   | 1 |  1.7
Evocations     | 1 |  1.7
Shapeshifting  | 1 |  1.5
Conjurations   | 1 |  1.3
Hexes          | 1 |  1.3
Summonings     | 1 |  1.3
Necromancy     | 1 |  1.3
Translocations | 1 |  1.3
Fire Magic     | 1 |  1.3
Ice Magic      | 1 |  1.3
Air Magic      | 1 |  1.3
Earth Magic    | 1 |  1.3
Alchemy        | 1 |  1.3
Fighting       | |  4.9
Staves         | |  6.7
Throwing       | |  4.9
Dodging        | |  6.7

Action                     |  1- 3 |  4- 6 || total
---------------------------+-------+-------++-------
  Melee: Quarterstaff      |    67 |    71 ||   138
         Bite              |     5 |     5 ||    10
  Throw: Javelin           |    10 |    27 ||    37
         Throwing net      |     1 |     2 ||     3
   Cast: Sting             |       |     4 ||     4
         Static Discharge  |       |     3 ||     3
  Evoke: Wand              |       |     1 ||     1
    Use: Scroll            |     4 |     7 ||    11
         Potion            |       |     2 ||     2
   Stab: Held in net/web   |       |     1 ||     1
 Armour: Leather armour    |    33 |    50 ||    83
  Dodge: Dodged            |    64 |    57 ||   121
